 Seeded DCSS version 0.28-a0-1387-g3a22ab9 (webtiles) character file.

Game seed: 6760368435528562141 (custom seed)

1990587 araganzar the Ruinous (level 27, 165/165 HPs)
             Began as a Gargoyle Conjurer on Dec 30, 2021.
             Was the Champion of Vehumet.
             Escaped with the Orb
             ... and 4 runes on Jan 2, 2022!
             The game lasted 06:57:06 (88226 turns).

araganzar the Ruinous (Gargoyle Conjurer)          Turns: 88226, Time: 06:57:07

Health: 165/165    AC: 31    Str:  9    XL:     27
Magic:  47/47      EV: 13    Int: 51    God:    Vehumet [******]
Gold:   2331       SH: 22    Dex: 10    Spells: 1/66 levels left

rFire   + . .      SeeInvis +   b - staff of conjuration {!a}
rCold   + . .      Faith    .   Y - +5 kite shield {rN+}
rNeg    + + +      Spirit   .   L - +2 robe {Archmagi}
rPois   ∞          Reflect  +   U - -2 hat of the Alchemist {rElec rPois rF+ rC+ rN+ Will+ rMut rCorr}
rElec   +          Harm     .   o - +2 cloak
rCorr   +          Rampage  .   u - +0 pair of gloves "Ciloi" {Int+6}
rMut    +          Archmagi +   O - +2 pair of boots
Will    +++..                   M - amulet of Light {Reflect rC+ rN+ SH+5}
Stlth   ++........              J - +6 ring of intelligence
HPRegen 0.37/turn               Q - ring of Utosch Woroa {rC- rN+++ Int+6 Slay+3 SInv}
MPRegen 0.30/turn

@: flying, studying Necromancy
A: sickness immunity, AC +20, big wings, negative energy resistance 1,
electricity resistance, torment resistance 1, petrification resistance, thin
skeletal structure 1, weak 1, wild magic 1, sturdy frame 1
0: Orb of Zot
}: 4/15 runes: decaying, slimy, silver, gossamer
a: Renounce Religion


You escaped.
You worshipped Vehumet.
Vehumet was exalted by your worship.
You visited 12 branches of the dungeon, and saw 56 of its levels.
You visited 1 bazaar.
You also visited: Trove, Ossuary, Bailey and Ice Cave.

You collected 10315 gold pieces.
You spent 7984 gold pieces at shops.


Innate Abilities, Weirdness & Mutations

You are immune to sickness and miasma.
Your stone body is resilient. (AC +20)
You are immune to poison.
Your large and strong wings let you fly.
You resist negative energy. (rN+)
You are resistant to electric shocks. (rElec)
You are resistant to unholy torment.
You are immune to petrification.
You have a somewhat thin skeletal structure. (Dex +2, Stealth+)
You are weak. (Str -2)
Your spells are a little harder to cast, but a little more powerful.
Your movements are slightly less encumbered by armour. (ER -2)


   Skills:
 - Level 15.0 Fighting
 - Level 6.0(6.5) Polearms
 - Level 4.0(5.8) Staves
 - Level 8.0 Armour
 - Level 5.0 Dodging
 - Level 7.5 Stealth
 - Level 15.0 Shields
 - Level 20.0 Spellcasting
 - Level 24.0 Conjurations
 - Level 3.0 Hexes
 - Level 8.0 Summonings
 - Level 10.0 Necromancy
 + Level 21.6 Fire Magic
 - Level 13.0 Ice Magic
 - Level 4.0 Air Magic
 - Level 10.0 Earth Magic
 - Level 2.0 Poison Magic
 - Level 6.9 Evocations


You had one spell level left.
You knew the following spells:

 Your Spells              Type           Power      Damage    Failure   Level
a - Magic Dart            Conj           100%       1d8       1%          1
b - Ozocubu's Refrigerat  Ice            75%        4d20      1%          7
c - Spellforged Servitor  Conj/Summ      93%        N/A       1%          7
d - Lehudib's Crystal Sp  Conj/Erth      95%        10d21     1%          8
e - Death Channel         Necr           70%        N/A       1%          6
f - Fireball              Conj/Fire      100%       3d36      1%          5
g - Apportation           Tloc           100%       N/A       1%          1
h - Dispel Undead         Necr           100%       3d31      1%          4
i - Summon Forest         Summ/Tloc      54%        N/A       3%          5
o - Orb of Destruction    Conj           100%       9d22      1%          7
v - Borgnjor's Vile Clut  Necr/Erth      70%        N/A       1%          5
z - Fire Storm            Conj/Fire      100%       8d25      1%          9

Your spell library contained the following spells:

 Spells                   Type           Power      Damage    Failure   Level
 Polar Vortex             Ice            75%        N/A       41%         9
 Animate Skeleton         Necr           100%       N/A       1%          1
 Beastly Appendage        Tmut           100%       N/A       1%          1
 Freeze                   Ice            100%       1d11      1%          1
 Pain                     Necr           100%       1d9       1%          1
 Sandblast                Erth           100%       2d20      1%          1
 Summon Small Mammal      Summ           100%       N/A       1%          1
 Blink                    Tloc           100%       N/A       1%          2
 Ensorcelled Hibernation  Hex/Ice        100%       N/A       1%          2
 Passwall                 Tmut/Erth      95%        N/A       1%          2
 Scorch                   Fire           100%       2d10      1%          2
 Searing Ray              Conj           100%       2d8       1%          2
 Static Discharge         Conj/Air       100%       N/A       1%          2
 Wereblood                Tmut           78%        N/A       1%          2
 Call Canine Familiar     Summ           100%       N/A       1%          3
 Confusing Touch          Hex            100%       N/A       1%          3
 Dazzling Flash           Conj/Hex       100%       N/A       1%          3
 Frozen Ramparts          Ice            100%       1d12      1%          3
 Gell's Gravitas          Tloc           78%        N/A       1%          3
 Ignite Poison            Fire/Tmut/Pois 100%       N/A       1%          3
 Inner Flame              Hex/Fire       100%       N/A       1%          3
 Lesser Beckoning         Tloc           78%        N/A       1%          3
 Mephitic Cloud           Conj/Pois/Air  100%       N/A       1%          3
 Portal Projectile        Hex/Tloc       100%       N/A       1%          3
 Spider Form              Tmut/Pois      87%        N/A       1%          3
 Stone Arrow              Conj/Erth      100%       3d13      1%          3
 Teleport Other           Tloc           78%        N/A       1%          3
 Vampiric Draining        Necr           100%       2d13      1%          3
 Animate Armour           Summ/Erth      100%       N/A       1%          4
 Animate Dead             Necr           70%        N/A       1%          4
 Cause Fear               Hex            51%        N/A       1%          4
 Flame Wave               Conj/Fire      100%       2d14      1%          4
 Fulminant Prism          Conj/Hex       89%        3d35      1%          4
 Hailstorm                Conj/Ice       100%       3d20      1%          4
 Ice Form                 Ice/Tmut       100%       N/A       1%          4
 Iskenderun's Mystic Bla  Conj/Tloc      100%       2d19      1%          4
 Leda's Liquefaction      Hex/Erth       62%        N/A       1%          4
 Olgreb's Toxic Radiance  Pois           96%        N/A       1%          4
 Petrify                  Tmut/Erth      100%       N/A       1%          4
 Sticky Flame             Conj/Fire      100%       2d11      1%          4
 Summon Ice Beast         Ice/Summ       100%       N/A       1%          4
 Summon Lightning Spire   Summ/Air       100%       N/A       1%          4
 Agony                    Necr           100%       N/A       1%          5
 Freezing Cloud           Conj/Ice/Air   90%        6-21      1%          5
 Iskenderun's Battlesphe  Conj           100%       2d15      1%          5
 Lightning Bolt           Conj/Air       90%        1d119     1%          5
 Metabolic Englaciation   Hex/Ice        65%        N/A       1%          5
 Summon Mana Viper        Hex/Summ       100%       N/A       1%          5
 Yara's Violent Unravell  Hex/Tmut       46%        3d18      1%          5
 Conjure Ball Lightning   Conj/Air       90%        3x3d35    1%          6
 Iron Shot                Conj/Erth      95%        9d17      1%          6
 Simulacrum               Ice/Necr       72%        N/A       1%          6
 Starburst                Conj/Fire      100%       6d25      1%          6
 Ignition                 Fire           88%        3d22      1%          8
 Silence                  Hex/Air        53%        N/A       3%          5
 Summon Cactus Giant      Summ           65%        N/A       3%          6
 Passage of Golubria      Tloc           78%        N/A       5%          4
 Alistair's Intoxication  Tmut/Pois      58%        N/A       9%          5
 Haunt                    Necr/Summ      67%        N/A       10%         7
 Eringya's Noxious Bog    Tmut/Pois      43%        N/A       11%         6
 Blade Hands              Tmut           39%        N/A       13%         5
 Manifold Assault         Tloc           78%        N/A       13%         5
 Monstrous Menagerie      Summ           65%        N/A       14%         7
 Summon Hydra             Summ           65%        N/A       14%         7
 Dispersal                Tloc           39%        N/A       50%         6
 Malign Gateway           Summ/Tloc      54%        N/A       52%         7
 Enfeeble                 Hex            51%        N/A       67%         7
 Summon Horrible Things   Summ           65%        N/A       67%         8
 Maxwell's Capacitive Co  Air            54%        ∞         71%         8
 Storm Form               Tmut/Air       48%        N/A       80%         7
 Dragon Form              Tmut           39%        N/A       96%         7
 Discord                  Hex            51%        N/A       100%        8
 Dragon's Call            Summ           65%        N/A       100%        9
 Sublimation of Blood     Necr           Unusable   N/A       N/A         2
 Statue Form              Tmut/Erth      Unusable   N/A       N/A         6

Inventory:

Hand Weapons
 w - the +8 lance "Wyrmbane" {slay drac, rPois rF+ rC+ AC+3}
   (You found it on level 5 of the Pits of Slime)

   It inflicts extra damage against dragons and draconians.
   AC:        It affects your AC (+3).
   rF:        It protects you from fire.
   rC:        It protects you from cold.
   rPois:     It protects you from poison.
Missiles
 x - 9 curare-tipped darts
 A - 6 throwing nets (quivered) {=f, !d}
Armour
 o - a +2 cloak (worn)
   (You found it on level 2 of the Swamp)
 u - the +0 pair of gloves "Ciloi" (worn) {Int+6}
   (You found it on level 2 of the Crypt)

   Int:       It affects your intelligence (+6).
 L - a +2 robe of the Archmagi (worn)
   (You took it off an orc sorcerer on level 2 of the Orcish Mines)
 O - a +2 pair of boots (worn)
   (You found it on level 3 of the Depths)
 U - the -2 hat of the Alchemist (worn) {rElec rPois rF+ rC+ rN+ Will+ rMut rCorr}
   (You bought it in a shop on level 3 of the Depths)

   rF:        It protects you from fire.
   rC:        It protects you from cold.
   rElec:     It insulates you from electricity.
   rPois:     It protects you from poison.
   rN:        It protects you from negative energy.
   rCorr:     It protects you from acid and corrosion.
   rMut:      It protects you from mutation.
   Will:      It increases your willpower.
 Y - a +5 kite shield of positive energy (worn)
   (You took it off a vault warden on level 5 of the Vaults)
Magical Staves
 a - a staff of cold {rC+}
   (You found it on level 6 of the Lair of Beasts)
 b - a staff of conjuration (weapon) {!a}
   (You found it on level 4 of the Swamp)
Jewellery
 i - the ring "Agoikh" {Ice rN+ Int+7}
   (You found it on level 2 of the Crypt)

   [ring of ice]

   It enhances your ice magic.
   Int:       It affects your intelligence (+7).
   rF:        It makes you vulnerable to fire.
   rC:        It protects you from cold.
   rN:        It protects you from negative energy.
 l - a ring of wizardry {Wiz+, !d}
   (You found it on level 1 of the Dungeon)
 s - the ring of the Tortoise {AC+8}
   (You found it on level 5 of the Pits of Slime)

   [ring of protection]

   AC:        It affects your AC (+8).
 t - the ring "Zaxili" {rF+ SInv}
   (You acquired it on level 3 of the Elven Halls)

   [ring of see invisible]

   rF:        It protects you from fire.
   SInv:      It lets you see invisible.
 J - a +6 ring of intelligence (left hand)
   (You found it on level 15 of the Dungeon)
 M - the amulet of Light (around neck) {Reflect rC+ rN+ SH+5}
   (You bought it in a shop in a bazaar)

   [amulet of reflection]

   It reflects blocked missile attacks.
   rC:        It protects you from cold.
   rN:        It protects you from negative energy.
   SH:        It affects your SH (+5).
 P - the ring of the Present {rElec rN+ Will+}
   (You took it off a necromancer in an ice cave)

   [ring of positive energy]

   rElec:     It insulates you from electricity.
   rN:        It protects you from negative energy.
   Will:      It increases your willpower.
 Q - the ring of Utosch Woroa (right hand) {rC- rN+++ Int+6 Slay+3 SInv}
   (You acquired it on level 2 of the Lair of Beasts)

   [ring of intelligence]

   Int:       It affects your intelligence (+6).
   Slay:      It affects your accuracy & damage with ranged weapons and melee
   (+3).
   rC:        It makes you vulnerable to cold.
   rN:        It renders you almost immune to negative energy.
   SInv:      It lets you see invisible.
Wands
 m - a wand of digging (21)
   (You bought it in a shop on level 3 of the Depths)
 D - a wand of acid (6)
   (You found it on level 5 of the Dungeon)
 G - a wand of mindburst (14)
   (You found it on level 11 of the Dungeon)
 N - a wand of iceblast (73)
   (You found it on level 6 of the Dungeon)
Scrolls
 d - 3 scrolls of silence
 k - 4 scrolls of immolation {!r}
 r - 19 scrolls of teleportation
 y - 7 scrolls of fog
 z - 3 scrolls of holy word {!r}
 E - 39 scrolls of identify
 H - 3 scrolls of magic mapping {!r}
 I - a scroll of enchant armour
 K - 4 scrolls of fear
 R - 4 scrolls of summoning
 Z - 6 scrolls of blinking {!r}
Potions
 c - 25 potions of curing
 e - 13 potions of heal wounds
 g - 9 potions of might
 h - 11 potions of mutation {!q}
 j - 2 potions of cancellation
 n - 17 potions of ambrosia
 p - 2 potions of resistance
 q - 6 potions of magic
 v - 12 potions of haste
 B - 11 potions of brilliance
 C - 12 potions of attraction {!q}
 W - a potion of invisibility
Miscellaneous
 f - a condenser vane
   (You found it on level 1 of the Swamp)
 F - a phantom mirror
   (You found it on level 3 of the Elven Halls)
 S - a phial of floods
   (You found it on level 12 of the Dungeon)

#(....# #.#
#####.# #.# #.#
##.## #.#####...##
####
#...#......####...
#####'#..........#
#..###.######.##
###'#+##.# ###
#@[.#....#
###+#+#..#
#..###.# ###'##.#
#....# ###..#
########## ##.#
####### #........#
#.# #.....#
#.#####..#
##.###.....#


There were no monsters in sight!


Message History

There is a stone staircase leading down here.
There is a stone staircase leading up, spattered with blood here.
You see here a +0 club.
You fly upwards.
There is a stone staircase leading down here.
You see here 27 arrows.
There is an open door here.
There is a stone staircase leading up here.
You fly upwards.
There is a stone staircase leading down here.
There is a stone staircase leading up here.
You fly upwards.
There is a stone staircase leading down here.
There is a stone staircase leading up here.
You fly upwards.
There is a stone staircase leading down here.
You see here a +0 club.
There is a stone staircase leading down here.
There is a stone staircase leading up here.
You fly upwards.
There is a stone staircase leading down here.
MP restored: 47 You reach down and open the door.
There is an open door here.
There is an open door here.
There is an open door here.
There is an open door here.
You see here a +0 plate armour.
There is a staircase leading out of the dungeon here.
You have escaped!

Action                   |  1- 3 |  4- 6 |  7- 9 | 10-12 | 13-15 | 16-18 | 19-21 | 22-24 | 25-27 || total
-------------------------+-------+-------+-------+-------+-------+-------+-------+-------+-------++-------
Melee: Dagger            |    30 |    69 |   121 |   183 |   211 |     5 |       |       |       ||   619
       Staff             |       |       |       |       |       |    52 |     2 |     5 |     2 ||    61
       Demon trident     |       |       |       |       |       |    24 |       |       |       ||    24
Throw: Dart              |       |       |       |       |     1 |       |       |       |       ||     1
       Throwing net      |       |       |       |       |       |       |       |     1 |       ||     1
 Cast: Magic Dart        |    55 |    30 |    62 |     9 |    16 |    29 |     1 |       |       ||   202
       Searing Ray       |     6 |     7 |     8 |     6 |     2 |       |       |       |       ||    29
       Fulminant Prism   |       |     1 |    19 |    19 |     4 |       |       |       |       ||    43
       Sticky Flame      |       |     1 |    23 |    74 |    86 |    15 |       |       |       ||   199
       Mephitic Cloud    |       |       |     7 |       |     5 |     1 |     1 |       |       ||    14
       Freezing Cloud    |       |       |     5 |    19 |    22 |       |     2 |       |       ||    48
       Stone Arrow       |       |       |       |    61 |   127 |    29 |    30 |    10 |       ||   257
       Orb of Destructio |       |       |       |     1 |    31 |    74 |    77 |    41 |    11 ||   235
       Fireball          |       |       |       |       |   216 |   187 |   139 |    45 |     9 ||   596
       Iskenderun's Batt |       |       |       |       |    10 |     6 |       |       |       ||    16
       Ozocubu's Refrige |       |       |       |       |       |   156 |   137 |    81 |    39 ||   413
       Apportation       |       |       |       |       |       |     2 |       |       |       ||     2
       Spellforged Servi |       |       |       |       |       |    16 |    74 |    54 |    22 ||   166
       Fire Storm        |       |       |       |       |       |       |       |    55 |    98 ||   153
       Lehudib's Crystal |       |       |       |       |       |       |       |    73 |    83 ||   156
       Summon Forest     |       |       |       |       |       |       |       |       |     1 ||     1
       Dispel Undead     |       |       |       |       |       |       |       |       |     1 ||     1
Evoke: Wand              |       |       |       |     5 |     4 |     6 |     1 |     4 |     2 ||    22
       Phantom mirror    |       |       |       |       |       |       |       |     1 |       ||     1
  Use: Scroll            |       |     6 |    14 |     3 |    10 |    10 |     7 |    10 |    10 ||    70
       Potion            |       |     2 |     1 |       |     6 |     6 |     3 |       |     4 ||    22
 Stab: Sleeping          |       |     3 |     6 |       |       |       |       |       |       ||     9
       Confused          |       |       |     3 |       |     1 |       |       |       |       ||     4
Armor: Robe              |    13 |    40 |    77 |    56 |       |    54 |    80 |    53 |    30 ||   403
       Skin              |       |     9 |       |       |       |       |       |       |       ||     9
       Leather armour    |       |       |       |   109 |   357 |    46 |       |       |       ||   512
Dodge: Dodged            |    23 |    32 |    92 |   182 |   300 |    76 |    61 |    63 |    29 ||   858
Block: Buckler           |       |       |       |       |       |    51 |    55 |    51 |     7 ||   164
       Reflection        |       |       |       |       |       |     2 |    25 |     7 |     1 ||    35
       Kite shield       |       |       |       |       |       |       |       |       |    43 ||    43

Levels and vault maps discovered:
D:1:      erik_arrival_triangle_small, layout_loops_corners,
          nicolae_ecumenical_snake_handling, st_stairs_11
D:2:      layout_rooms, basic_altar
D:3:      layout_loops_corners
D:4:      layout_loops_ring, grunt_decor_resistance, uniq_duvessa
D:5:      layout_gridville, lemuel_mausoleum_altar_yredelemnul,
          minmay_temple_entry_sparse_star
D:6:      cheibrodos_barr_body, layout_loops_ring,
          nicolae_ossuary_entry_monument, minivault_23
D:7:      layout_rooms, enter_bailey_2, minivault_10,
          kennysheep_generic_room_10, uniq_crazy_yiuf_cottage
D:8:      layout_rooms, ebering_dispersal_statue_hall
D:9:      layout_loops_cross, grunt_lair_entry_orc_guard_hut
D:10:     layout_rooms, zombieorc1_lemuel, lightli_corner_chamber, uniq_erica
D:11:     layout_loops_ring, nrook_guardian_serpent_double, uniq_josephine
D:12:     layout_roguey [special_room_bee], uniq_jorgrun
D:13:     layout_stronghold, david_vaults_2
D:14:     layout_roguey, nicolae_ashenzari_skybound,
          beargit_hepliaklqana_dungeon_heroes, uniq_agnes
D:15:     grunt_enter_depths_hoard, layout_basic, zin_academy
Temple:   mainiacjoe_temple_hex_bubbles
Lair:1:   layout_gridlike, portal_ice_cave_demonic_guard
Lair:2:   layout_loops_ring, spider_nest_entry_a, minivault_23,
          serial_bayou_shore_b
Lair:3:   layout_roguey
Lair:4:   layout_regular_city, palyth_hydra_swamp_entry, serial_forest,
          infiniplex_forest_end_2, infiniplex_forest_end_1,
          infiniplex_forest_split, infiniplex_forest_lined_room_,
          infiniplex_forest_lined_ring, infiniplex_forest_lined_2,
          infiniplex_forest_lined_2
Lair:5:   layout_cave_pods, nicolae_slime_entry_slimehenge,
          kilobyte_rumbling_trees, grunt_megastairs_4, infiniplex_staircase_pool
Lair:6:   wormcave, layout_cave_pods, hangedman_lair_in_review,
          serial_bayou_shore_a
Swamp:1:  layout_basic_swamp, hangedman_swamp_ruin_hall
Swamp:2:  layout_falls_marsh, nicolae_swamp_godswood
Swamp:3:  layout_basic_swamp, evilmike_swamp_ruin_house_3
Swamp:4:  grunt_swamp_rune_castle, layout_basic_swamp
Spider:1: layout_spider_delve, drop_trap, uniq_roxanne
Spider:2: layout_chambers, nicolae_spider_baby_got_redback,
          hangedman_spider_tarantella_strand
Spider:3: nicolae_orb_stairs_large
Spider:4: grunt_spider_rune_circles, uniq_mlioglotl, uniq_arachne
Slime:1:  layout_caves
Slime:2:  nicolae_slime_jelly_donut, layout_caves,
          cheibrodos_slime_lost_civilization_7
Slime:3:  layout_caves
Slime:4:  layout_caves
Slime:5
Orc:1:    layout_caves, basic_altar, nicolae_orc_stony_grotto
Orc:2:    kennysheep_orc_mage_school, layout_caves, uniq_nessos
Elf:1:    hangedman_staggered_hall, layout_rooms,
          nicolae_trove_entry_path_of_doom, minmay_elf_demonology
Elf:2:    nicolae_elf_blades_crystal_corner, layout_geoelf_octagon,
          serial_shops, bzr_entry_road
Elf:3:    elf_hall, layout_geoelf_grid, serial_shops, shop,
          nicolae_shop_waterfront, nicolae_shop_window_shopping,
          gammafunk_ghost_tricky_traps
Vaults:1: v_pattern_5, nicolae_vaults_network_quinsquares
          [nicolae_vaults_network_quincunx_subvault,
          nicolae_vaults_network_quincunx_subvault,
          nicolae_vaults_network_quincunx_subvault,
          nicolae_vaults_network_quincunx_subvault], nicolae_vaults_theta,
          nicolae_vaults_little_squares_5, sword_in_stone,
          nicolae_vaults_border_crossing, nicolae_vaults_asterisk,
          layout_vaults_omnigrid
Vaults:2: minmay_crypt_entry_necro_gods, grunt_tower_of_power, v_misc_15,
          ontoclasm_vaults_ring_large, nicolae_vaults_back_hallway,
          nicolae_vaults_puzzle_piece, ontoclasm_vaults_misaligned,
          nicolae_vaults_little_squares_4, vaults_dpeg_encased_lava,
          hangedman_vaults_restitches, ontoclasm_vaults_loading_screen,
          layout_vaults_omnicross
Vaults:3: vaults_room_hallway, hangedman_vaults_corner_blocks, v_misc_18,
          st_lines, grunt_vaults_twisty, nicolae_vaults_little_squares_2,
          hangedman_vaults_stretched_pinwheel, ontoclasm_vaults_idyll,
          grunt_vaults_diagonal, layout_vaults_big_room
Vaults:4: v_misc_28, vaults_room_door_ring, serial_ice_m, vaults_mumra_chevron,
          vaults_room_door_hall, v_alt_pattern_6, v_rooms_2,
          nicolae_vaults_network_barrier, nicolae_vaults_little_squares_2,
          nicolae_vaults_what_the_h, vaults_dpeg_ring, layout_vaults_ring
Vaults:5: serial_shops, uniq_mennas
Crypt:1:  layout_gridlike, serial_glass, glass_columns_a, glass_columns_a,
          glass_columns_a, glass_columns_b, minivault_11, minivault_26
Crypt:2:  layout_gridlike, gammafunk_ghost_crypt, lemuel_nasty_fountain,
          uniq_sojobo
Depths:1: layout_gridville, abyss_entry_glasseish, grunt_metal_band,
          kennysheep_another_room, nicolae_figureground_sparkle, firewood_loft
Depths:2: minmay_the_grid_3x3 [minmay_the_grid_x, minmay_the_grid_outer_diamond,
          minmay_the_grid_minigrid_small, minmay_the_grid_stretched_grid,
          minmay_the_grid_eight, minmay_the_grid_square_x, minmay_the_grid_fan,
          minmay_the_grid_dragon_a, minmay_the_grid_prize_inner_circle],
          layout_gridlike, rand_demon_pan_entry_9, abyss_entry,
          chequers_serial_rivers_micro_c, hell_entry, led_xom_imps
Depths:3: grated_community_mu [grated_community_mu_vampire_home,
          grated_community_mu_giant_home, grated_community_mu_spellcaster_home,
          grated_community_mu_orcish_home, grated_community_mu_troll_home,
          grated_community_mu_taur_home, grated_community_mu_unbuilt_plot],
          layout_small_grid, serial_shops, kennysheep_mini_moat,
          nicolae_shop_hallway_stairs, nicolae_diamond_shop,
          nicolae_shop_behind_doors, nicolae_shop_statue_plus, hell_entry,
          lemuel_blue_sif_altar, abyss_entry, nicolae_shop_overcharged_wands,
          infiniplex_staircase_zigzag_3
Depths:4: grunt_zot_entry_funnels, layout_honeycomb, enter_ziggurat_b,
          hell_entry, grunt_pan_entry_in_and_out, abyss_entry_flame_altar,
          good_gods_mini_temple, grunt_decor_junction, due_unseen_surprise
Zot:1:    layout_gridlike, grunt_ministairs_12
Zot:2:    kennysheep_oblong_rooms, layout_misc_corridors, grunt_ministairs_3
Zot:3:    layout_misc_corridors, zot_minivault_7
Zot:4:    layout_gridville, hangedman_player_shredder
Zot:5:    layout_misc_corridors

Notes
Turn   | Place    | Note
-------+----------+-------------------------------------------
     0 | D:1      | araganzar the Gargoyle Conjurer began the quest for the
                  | Orb.
     0 | D:1      | Reached XP level 1. HP: 10/10 MP: 3/3
    85 | D:1      | Found a faded altar of an unknown god.
   261 | D:1      | Reached XP level 2. HP: 15/15 MP: 3/5
   467 | D:1      | Learned a level 2 spell: Searing Ray
  1097 | D:1      | Reached XP level 3. HP: 18/19 MP: 4/6
  1216 | D:1      | Reached skill level 5 in Conjurations
  1966 | D:2      | Reached skill level 3 in Spellcasting
  2068 | D:2      | Found a hazy altar of Hepliaklqana.
  2082 | D:2      | Reached XP level 4. HP: 24/24 MP: 1/8
  3223 | D:3      | Reached XP level 5. HP: 23/28 MP: 5/10
  3559 | D:3      | Learned a level 4 spell: Fulminant Prism
  3647 | D:4      | Learned a level 4 spell: Sticky Flame
  3978 | D:4      | Noticed Duvessa
  3978 | D:4      | Noticed Dowan
  4003 | D:4      | Killed Dowan
  4004 | D:4      | Reached skill level 1 in Fighting
  4004 | D:4      | Reached skill level 6 in Conjurations
  4004 | D:4      | Reached skill level 1 in Hexes
  4004 | D:4      | Reached skill level 1 in Fire Magic
  4004 | D:4      | Reached XP level 6. HP: 22/34 MP: 2/11
  4006 | D:4      | Killed Duvessa
  4007 | D:4      | Reached skill level 4 in Spellcasting
  4426 | D:4      | Reached skill level 2 in Fighting
  4426 | D:4      | Reached skill level 2 in Hexes
  4426 | D:4      | Reached skill level 2 in Fire Magic
  4615 | D:5      | Entered Level 5 of the Dungeon
  4620 | D:5      | Found a staircase to the Ecumenical Temple.
  4646 | D:4      | Reached skill level 3 in Fire Magic
  4646 | D:4      | Reached XP level 7. HP: 40/40 MP: 13/13
  4719 | Temple   | Entered the Ecumenical Temple
  4939 | Temple   | Became a worshipper of Vehumet
  5097 | D:5      | Reached skill level 4 in Fire Magic
  5847 | D:5      | Reached skill level 5 in Spellcasting
  6068 | D:5      | Found a basalt altar of Yredelemnul.
  6159 | D:5      | Reached skill level 3 in Hexes
  6159 | D:5      | Reached XP level 8. HP: 44/44 MP: 10/15
  6164 | D:5      | Learned a level 3 spell: Mephitic Cloud
  6205 | D:5      | Reached skill level 1 in Poison Magic
  6405 | D:5      | Reached skill level 1 in Air Magic
  6690 | D:6      | Reached skill level 7 in Conjurations
  6690 | D:6      | Reached skill level 2 in Air Magic
  6690 | D:6      | Reached skill level 2 in Poison Magic
  6759 | D:6      | Reached * piety under Vehumet
  6759 | D:6      | Offered knowledge of Shock by Vehumet.
  6760 | D:6      | Reached skill level 3 in Air Magic
  6779 | D:6      | Found a sand-covered staircase.
  6842 | Ossuary  | Entered an ossuary
  7570 | D:6      | Noticed a troll
  7577 | D:6      | Killed a troll
  7578 | D:6      | Reached skill level 6 in Spellcasting
  7578 | D:6      | Reached skill level 8 in Conjurations
  7578 | D:6      | Reached XP level 9. HP: 48/48 MP: 3/18
  7755 | D:6      | Learned a level 5 spell: Freezing Cloud
  7883 | D:6      | Offered knowledge of Freeze by Vehumet.
  7885 | D:6      | Reached skill level 1 in Ice Magic
  8056 | D:6      | Identified a scroll of acquirement
  8056 | D:6      | Acquired 418 gold pieces
  8204 | D:7      | Found a runed translucent door.
  8205 | D:7      | Noticed Crazy Yiuf
  8233 | D:7      | Found a flagged portal.
  8238 | D:7      | Identified the +3 hand axe "Ovou" {vorpal, SInv}
  8244 | Bailey   | Entered a bailey
  8275 | Bailey   | Reached ** piety under Vehumet
  8290 | Bailey   | Reached skill level 9 in Conjurations
  8392 | Bailey   | Reached skill level 2 in Ice Magic
  8448 | Bailey   | Reached skill level 3 in Ice Magic
  8491 | Bailey   | Identified the +4 shortbow of Teoqoxoj {freeze, rC+}
  8679 | Bailey   | Reached skill level 4 in Air Magic
  8679 | Bailey   | Reached skill level 1 in Evocations
  8835 | D:7      | Reached skill level 2 in Evocations
  8904 | D:7      | Killed Crazy Yiuf
  9447 | D:7      | Identified the +0 leather armour of Yhitt {rC+ Will+ Str+2
                  | Dex+2}
  9678 | D:8      | Offered knowledge of Conjure Flame by Vehumet.
  9696 | D:8      | Reached XP level 10. HP: 52/53 MP: 11/19
  9790 | D:8      | Identified the amulet of Elaimm {Spirit -Cast Drain rElec
                  | rPois}
  9796 | D:8      | Reached skill level 3 in Evocations
  9849 | D:8      | Reached skill level 4 in Ice Magic
  9867 | D:8      | Learned a level 3 spell: Stone Arrow
  9931 | D:8      | Reached *** piety under Vehumet
  9944 | D:8      | Reached skill level 1 in Earth Magic
 10256 | D:9      | Reached skill level 7 in Spellcasting
 10312 | D:9      | Reached skill level 2 in Earth Magic
 10449 | D:9      | Reached skill level 3 in Earth Magic
 10683 | D:9      | Offered knowledge of Hailstorm by Vehumet.
 10684 | D:9      | Reached skill level 10 in Conjurations
 10684 | D:9      | Reached skill level 5 in Ice Magic
 10924 | D:9      | Found a staircase to the Lair.
 10928 | D:9      | Reached skill level 4 in Earth Magic
 11173 | Lair:1   | Entered Level 1 of the Lair of Beasts
 11192 | Lair:1   | Identified the +4 leather armour of the Everdark {rF+
                  | Int+3}
 11216 | Lair:1   | Reached skill level 5 in Earth Magic
 11287 | Lair:1   | Reached skill level 6 in Earth Magic
 11289 | Lair:1   | Found a frozen archway.
 11353 | IceCv    | Entered an ice cave
 11518 | IceCv    | Reached XP level 11. HP: 33/57 MP: 18/22
 11579 | IceCv    | Reached skill level 8 in Spellcasting
 11654 | IceCv    | Reached **** piety under Vehumet
 11746 | IceCv    | Reached skill level 3 in Fighting
 11894 | IceCv    | Reached skill level 4 in Fighting
 11999 | IceCv    | Reached skill level 5 in Fighting
 12165 | IceCv    | Offered knowledge of Airstrike by Vehumet.
 12166 | IceCv    | Reached skill level 7 in Earth Magic
 12306 | IceCv    | Reached skill level 8 in Earth Magic
 12701 | IceCv    | Reached skill level 5 in Fire Magic
 13060 | IceCv    | Reached skill level 11 in Conjurations
 13060 | IceCv    | Reached skill level 6 in Fire Magic
 13065 | IceCv    | Reached skill level 2 in Dodging
 13148 | IceCv    | Found an ancient bone altar of Kikubaaqudgha.
 13341 | IceCv    | Reached skill level 3 in Dodging
 13383 | IceCv    | Identified the ring of the Present {rElec rN+ Will+}
 13383 | IceCv    | Noticed a necromancer
 13391 | IceCv    | Killed a necromancer
 13392 | IceCv    | Reached skill level 2 in Armour
 13439 | IceCv    | Reached skill level 3 in Armour
 13439 | IceCv    | Reached XP level 12. HP: 46/68 MP: 5/24
 13880 | Lair:1   | Reached skill level 4 in Armour
 14668 | Lair:2   | Reached skill level 9 in Earth Magic
 14807 | Lair:2   | Reached ***** piety under Vehumet
 14836 | Lair:2   | Identified the +7 chain mail "Futit" {Fly rN+ Dex+3}
 14901 | Lair:2   | Identified the +9 quarterstaff "Demonslayer" {vamp, rF++
                  | Int+4}
 14966 | Lair:2   | Reached skill level 9 in Spellcasting
 14979 | Lair:2   | Offered knowledge of Orb of Destruction by Vehumet.
 14998 | Lair:2   | Found a hole to the Spider Nest.
 15002 | Lair:2   | Acquired the ring of Utosch Woroa {rC- rN+++ Int+6 Slay+3
                  | SInv}
 15462 | Lair:3   | Reached skill level 10 in Earth Magic
 15469 | Lair:3   | Noticed an eight-headed hydra
 15483 | Lair:3   | Killed an eight-headed hydra
 15491 | Lair:3   | Reached skill level 10 in Spellcasting
 15532 | Lair:3   | Reached skill level 6 in Fighting
 15666 | Lair:3   | Upgraded the game from 0.28-a0-1365-g7e0445c to
                  | 0.28-a0-1374-ga75cb38
 15668 | Lair:3   | Noticed a death yak
 15674 | Lair:3   | Learned a level 7 spell: Orb of Destruction
 15684 | Lair:3   | Noticed a death yak
 15689 | Lair:3   | Killed a death yak
 15689 | Lair:3   | Noticed a death yak
 15692 | Lair:3   | Killed a death yak
 15694 | Lair:3   | Killed a death yak
 15695 | Lair:3   | Reached skill level 12 in Conjurations
 15696 | Lair:3   | Reached XP level 13. HP: 74/74 MP: 15/27
 16825 | Lair:4   | Reached skill level 13 in Conjurations
 16923 | Lair:4   | Reached skill level 11 in Spellcasting
 17012 | Lair:4   | Reached skill level 7 in Fire Magic
 18012 | Lair:4   | Found a staircase to the Swamp.
 18339 | Lair:5   | Reached skill level 8 in Fire Magic
 18686 | Lair:5   | Reached skill level 5 in Armour
 18891 | Lair:5   | Reached skill level 7 in Fighting
 19044 | Lair:5   | Reached skill level 8 in Fighting
 19221 | Lair:5   | Offered knowledge of Fireball by Vehumet.
 19228 | Lair:5   | Learned a level 5 spell: Fireball
 19419 | Lair:5   | Gained mutation: Your large and strong wings let you fly.
                  | [Gargoyle growth]
 19419 | Lair:5   | Reached XP level 14. HP: 84/84 MP: 19/29
 19612 | Lair:5   | Found a staircase to the Slime Pits.
 19667 | Lair:5   | Reached skill level 4 in Evocations
 20058 | Lair:6   | Entered Level 6 of the Lair of Beasts
 20619 | Lair:5   | HP: 6/84 [seven-headed hydra (8)]
 20627 | Lair:5   | HP: 2/84 [seven-headed hydra (9)]
 20733 | Lair:5   | Reached skill level 5 in Evocations
 20929 | Lair:5   | Reached skill level 9 in Fire Magic
 21725 | Lair:6   | Reached skill level 12 in Spellcasting
 21791 | Lair:6   | Reached skill level 10 in Fire Magic
 21910 | Lair:6   | Noticed a dire elephant
 21936 | Lair:6   | Killed a dire elephant
 22541 | Lair:6   | Got the Volume of Unstable Calling
 22546 | Lair:6   | Learned a level 1 spell: Apportation
 22629 | Lair:6   | Reached skill level 14 in Conjurations
 23072 | Lair:6   | Offered knowledge of Iskenderun's Battlesphere by Vehumet.
 23079 | Lair:6   | Learned a level 5 spell: Iskenderun's Battlesphere
 23244 | Lair:6   | Found a runed translucent door.
 23249 | Lair:6   | Upgraded the game from 0.28-a0-1374-ga75cb38 to
                  | 0.28-a0-1375-g9cff236
 23249 | Lair:6   | Upgraded the game from 0.28-a0-1375-g9cff236 to
                  | 0.28-a0-1382-g92835e5
 23356 | Lair:6   | Reached skill level 6 in Armour
 23923 | Lair:6   | Reached XP level 15. HP: 79/89 MP: 12/31
 24725 | D:10     | Entered Level 10 of the Dungeon
 24733 | D:10     | Reached skill level 9 in Fighting
 25148 | D:10     | Reached skill level 7 in Armour
 25412 | D:10     | Noticed Erica
 25416 | D:10     | Killed Erica
 25767 | D:10     | Identified the +1 scale mail of the Elephant {Contam rN+++
                  | rCorr Dex-4}
 25776 | D:10     | Found a staircase to the Orcish Mines.
 26081 | D:11     | Reached skill level 8 in Armour
 26696 | D:11     | Noticed Josephine
 26701 | D:11     | Killed Josephine
 27704 | D:12     | Offered knowledge of Ozocubu's Refrigeration by Vehumet.
 27711 | D:12     | Reached skill level 13 in Spellcasting
 28119 | D:12     | Noticed Jorgrun
 28390 | D:12     | Killed Jorgrun
 28900 | D:12     | Learned a level 7 spell: Ozocubu's Refrigeration
 29450 | D:13     | Reached skill level 6 in Ice Magic
 29511 | D:13     | Identified the +4 chain mail of Exceptional Liberty {rElec
                  | Stlth+}
 29715 | D:12     | Reached skill level 7 in Ice Magic
 29852 | D:13     | Identified the +4 flail of the Extremes {flame, rElec}
 29854 | D:13     | Found a gate to the Vaults.
 30551 | D:13     | Reached skill level 8 in Ice Magic
 31117 | D:14     | Noticed Agnes
 31145 | D:14     | Found a broken altar of Ashenzari.
 31257 | D:14     | Reached XP level 16. HP: 60/96 MP: 27/33
 31591 | D:14     | Killed Agnes
 31592 | D:14     | Reached skill level 9 in Ice Magic
 32154 | D:14     | Paralysed by a spriggan for 6 turns
 32351 | D:14     | Found a faded altar of an unknown god.
 32352 | D:14     | Found a hazy altar of Hepliaklqana.
 32376 | D:15     | Entered Level 15 of the Dungeon
 32832 | D:15     | Found a glowing silver altar of Zin.
 32847 | D:15     | Reached skill level 1 in Shields
 32902 | D:15     | Reached skill level 2 in Shields
 33010 | D:15     | Reached skill level 3 in Shields
 33658 | D:15     | Reached skill level 4 in Shields
 33769 | D:15     | Reached skill level 10 in Ice Magic
 33859 | D:15     | Found a staircase to the Depths.
 34615 | Orc:1    | Entered Level 1 of the Orcish Mines
 34785 | Orc:1    | Found a burning altar of Makhleb.
 34845 | Orc:2    | Entered Level 2 of the Orcish Mines
 34850 | Orc:2    | Offered knowledge of Starburst by Vehumet.
 34957 | Orc:2    | Noticed Nessos
 34960 | Orc:2    | Killed Nessos
 35184 | Orc:2    | Found a staircase to the Elven Halls.
 36177 | Orc:2    | Found Luypt's Antique Armour Emporium.
 36189 | Orc:2    | Found an ancient bone altar of Kikubaaqudgha.
 36189 | Orc:2    | Noticed Nergalle
 36194 | Orc:2    | Killed Nergalle
 36333 | Orc:2    | Found Qaxt's Jewellery Emporium.
 36338 | Orc:2    | Reached skill level 11 in Ice Magic
 36341 | Orc:2    | Reached skill level 4 in Dodging
 36462 | Orc:2    | Found Beutzoep's Antique Armour Emporium.
 36547 | Orc:2    | Found a radiant altar of Vehumet.
 36573 | Orc:2    | Bought an embroidered cloak for 232 gold pieces
 36584 | Orc:2    | Bought a fine ring mail for 279 gold pieces
 36584 | Orc:2    | Identified the +1 ring mail "Lakhlaz" {Rampage rElec Will+}
                  | (You bought it in a shop on level 2 of the Orcish Mines)
 36688 | Orc:2    | Found Cyemnok's Distillery.
 36697 | Orc:2    | Bought a potion of heal wounds for 80 gold pieces
 36697 | Orc:2    | Bought a potion of curing for 48 gold pieces
 36697 | Orc:2    | Bought a potion of heal wounds for 80 gold pieces
 36697 | Orc:2    | Bought a potion of resistance for 160 gold pieces
 36697 | Orc:2    | Bought a potion of magic for 128 gold pieces
 36897 | Elf:1    | Entered Level 1 of the Elven Halls
 36902 | Elf:1    | Reached skill level 5 in Dodging
 37172 | Elf:1    | Reached skill level 10 in Fighting
 37177 | Elf:1    | Offered knowledge of Lee's Rapid Deconstruction by Vehumet.
 37410 | Elf:1    | Reached skill level 14 in Spellcasting
 37623 | Elf:1    | Got Sif Muna's Compendium of Creation
 37912 | Elf:1    | Identified the +1 plate armour of the Fife {-Cast Str+2
                  | Dex+9}
 37956 | Elf:1    | Reached skill level 12 in Ice Magic
 37956 | Elf:1    | Reached XP level 17. HP: 102/102 MP: 23/35
 38064 | Elf:1    | Reached ****** piety under Vehumet
 38065 | Elf:1    | Reached skill level 1 in Staves
 38068 | Elf:1    | Found a portal to a secret trove of treasure.
 38179 | Elf:1    | Reached skill level 2 in Staves
 38337 | Elf:1    | Reached skill level 3 in Staves
 38603 | Elf:1    | Reached skill level 4 in Staves
 38775 | Elf:2    | Found a flickering gateway to a bazaar.
 38780 | Bazaar   | Entered a bazaar
 38835 | Bazaar   | Found Ginackuo's Antique Armour Shoppe.
 38851 | Bazaar   | Found Suphev Zuvi's Antique Weapon Emporium.
 38867 | Bazaar   | Found Omocodiw's Jewellery Emporium.
 38867 | Bazaar   | Found Giyviusul's Antique Armour Shoppe.
 38872 | Bazaar   | Bought the amulet of Light {Reflect rC+ rN+ SH+5} for 337
                  | gold pieces
 38878 | Bazaar   | Bought a glowing cloak for 210 gold pieces
 38900 | Bazaar   | Found Neppuritz's Weapon Emporium.
 38900 | Bazaar   | Found Kajoun's Book Shoppe.
 38911 | Bazaar   | Bought the Unrestrained Analects for 528 gold pieces
 38954 | Bazaar   | Bought a runed demon trident for 378 gold pieces
 38968 | Bazaar   | Bought a glowing scarf for 224 gold pieces
 39198 | Lair:1   | Upgraded the game from 0.28-a0-1382-g92835e5 to
                  | 0.28-a0-1387-g3a22ab9
 39292 | Swamp:1  | Entered Level 1 of the Swamp
 39296 | Swamp:1  | Reached skill level 1 in Polearms
 39472 | Swamp:1  | Reached skill level 2 in Polearms
 40135 | Swamp:2  | Identified the +5 mace of the Omega Point {vorpal, *Corrode
                  | Fly Int+2 Dex+6}
 40212 | Swamp:2  | Reached skill level 3 in Polearms
 40701 | Swamp:2  | Found a glowing golden altar of the Shining One.
 40869 | Swamp:2  | Reached skill level 4 in Polearms
 41062 | Swamp:2  | Reached skill level 15 in Spellcasting
 41504 | Swamp:3  | Reached skill level 5 in Polearms
 42013 | Orc:2    | Bought a glowing scarf for 200 gold pieces
 42323 | Swamp:3  | Reached skill level 6 in Polearms
 42903 | Swamp:4  | Entered Level 4 of the Swamp
 43554 | Swamp:4  | Reached XP level 18. HP: 107/107 MP: 27/37
 43562 | Swamp:4  | Learned a level 7 spell: Spellforged Servitor
 43631 | Swamp:4  | Reached skill level 1 in Summonings
 43839 | Swamp:4  | Reached skill level 2 in Summonings
 44093 | Swamp:4  | Reached skill level 3 in Summonings
 44181 | Swamp:4  | Noticed the 27-headed Lernaean hydra
 44190 | Swamp:4  | Killed the 27-headed Lernaean hydra
 44191 | Swamp:4  | Reached skill level 4 in Summonings
 44486 | Swamp:4  | Got a decaying rune of Zot
 44515 | Swamp:4  | Reached skill level 5 in Summonings
 44927 | Swamp:4  | Identified the -3 cloak "Widugh" {Drain rElec Will+ Slay+3}
 45226 | Lair:1   | Gained mutation: You are weak. (Str -2) [potion of
                  | mutation]
 45226 | Lair:1   | Gained mutation: You have large cloven feet. [potion of
                  | mutation]
 45227 | Lair:1   | Lost mutation: You have large cloven feet. [potion of
                  | mutation]
 45227 | Lair:1   | Lost mutation: You are weak. (Str -2) [potion of mutation]
 45227 | Lair:1   | Gained mutation: You are weak. (Str -2) [potion of
                  | mutation]
 45227 | Lair:1   | Gained mutation: You expend magic power (3 MP) to
                  | strengthen your wands. [potion of mutation]
 45228 | Lair:1   | Lost mutation: You expend magic power (3 MP) to strengthen
                  | your wands. [potion of mutation]
 45228 | Lair:1   | Lost mutation: You are weak. (Str -2) [potion of mutation]
 45228 | Lair:1   | Gained mutation: You are somewhat resistant to further
                  | mutation. [potion of mutation]
 45278 | Spider:1 | Entered Level 1 of the Spider Nest
 45416 | Spider:1 | Noticed Roxanne
 45425 | Spider:1 | Reached skill level 6 in Summonings
 45717 | Spider:1 | Killed Roxanne
 46646 | Spider:2 | Reached skill level 7 in Summonings
 47080 | Spider:2 | Offered knowledge of Conjure Ball Lightning by Vehumet.
 47777 | Spider:2 | Reached skill level 8 in Summonings
 48607 | Spider:3 | Reached skill level 6 in Evocations
 48690 | Spider:3 | Reached skill level 16 in Spellcasting
 49668 | Vaults:1 | Entered Level 1 of the Vaults
 49893 | Vaults:1 | Reached skill level 13 in Ice Magic
 50145 | Vaults:1 | Reached XP level 19. HP: 112/112 MP: 25/39
 51218 | Vaults:1 | Reached skill level 15 in Conjurations
 51624 | Vaults:1 | Reached skill level 11 in Fire Magic
 52637 | Vaults:1 | Noticed Asterion
 52642 | Vaults:1 | Killed Asterion
 52643 | Vaults:1 | Reached skill level 12 in Fire Magic
 52790 | Vaults:1 | Noticed Frederick
 52795 | Vaults:1 | Killed Frederick
 52893 | Vaults:1 | Noticed Sojobo
 53112 | Vaults:1 | Killed Sojobo
 53257 | Vaults:1 | Reached skill level 11 in Fighting
 53740 | Vaults:2 | Offered knowledge of Lehudib's Crystal Spear by Vehumet.
 53740 | Vaults:2 | Offered knowledge of Fire Storm by Vehumet.
 53740 | Vaults:2 | Offered knowledge of Polar Vortex by Vehumet.
 53926 | Vaults:2 | Reached skill level 12 in Fighting
 54502 | Vaults:2 | Identified the +1 robe of Tiath {Rampage Str+2 Int+7}
 54527 | Vaults:2 | Found a radiant altar of Vehumet.
 54756 | Vaults:2 | Identified the +1 robe "Peny" {Contam rN+ Int+10 Stlth+}
 54776 | Vaults:2 | Identified the +0 hat of Mirth {Dex+4}
 55123 | Vaults:2 | Found a staircase to the Crypt.
 55123 | Vaults:2 | Found an ancient bone altar of Kikubaaqudgha.
 55124 | Vaults:2 | Found a basalt altar of Yredelemnul.
 55810 | Vaults:3 | Reached skill level 16 in Conjurations
 56001 | Vaults:3 | Reached XP level 20. HP: 100/122 MP: 34/40
 56003 | Vaults:3 | Reached skill level 13 in Fire Magic
 57013 | Vaults:3 | Reached skill level 14 in Fire Magic
 58549 | Vaults:4 | Identified the +8 war axe of Pixaph {drain, rF++ Will+
                  | Dex-3}
 58788 | Vaults:4 | Reached skill level 15 in Fire Magic
 59245 | Vaults:4 | Reached skill level 17 in Conjurations
 60620 | Crypt:1  | Entered Level 1 of the Crypt
 60642 | Crypt:1  | Reached skill level 18 in Conjurations
 61727 | Crypt:1  | Identified the +5 dire flail of Cuann {protect, rF+}
 61977 | Crypt:1  | Reached XP level 21. HP: 127/127 MP: 24/41
 62830 | Crypt:2  | Found a runed translucent gate.
 62830 | Crypt:2  | Found an ancient bone altar of Kikubaaqudgha.
 62831 | Crypt:2  | Found a runed translucent gate.
 62831 | Crypt:2  | Found a runed translucent gate.
 62831 | Crypt:2  | Noticed Rackeilou's ghost (veteran FoFi)
 62831 | Crypt:2  | Noticed a dread lich
 62831 | Crypt:2  | Noticed Woadakig's ghost (veteran FoFi)
 62833 | Crypt:2  | Noticed an ancient lich
 63114 | Depths:1 | Entered Level 1 of the Depths
 63799 | Elf:2    | Found a runed translucent gate.
 63800 | Elf:2    | Found a runed translucent gate.
 63800 | Elf:2    | Found a runed translucent gate.
 63923 | Elf:2    | Reached skill level 16 in Fire Magic
 63930 | Elf:2    | Reached skill level 19 in Conjurations
 65091 | Elf:3    | Entered Level 3 of the Elven Halls
 65091 | Elf:3    | Found Toecw's Antique Armour Emporium.
 65092 | Elf:3    | Paralysed by an air elemental for 1 turns
 65263 | Elf:3    | Paralysed by an air elemental for 1 turns
 65270 | Elf:3    | Paralysed by an air elemental for 1 turns
 65539 | Elf:3    | Found Herel's General Store.
 65557 | Elf:3    | Bought a scroll of blinking for 120 gold pieces
 65557 | Elf:3    | Bought a scroll of magic mapping for 56 gold pieces
 65578 | Elf:3    | Found a runed translucent gate.
 65578 | Elf:3    | Found a runed translucent gate.
 65586 | Elf:3    | Found a runed translucent gate.
 65589 | Elf:3    | Noticed SuisLittleHoshiymin's ghost (adept HuAM)
 65606 | Elf:3    | Found Duokku's Assorted Antiques.
 65609 | Elf:3    | Bought a scroll of acquirement for 1040 gold pieces
 65609 | Elf:3    | Bought a ruby ring for 100 gold pieces
 65613 | Elf:3    | Acquired the ring "Zaxili" {rF+ SInv}
 65697 | Elf:3    | Reached skill level 17 in Fire Magic
 65872 | Elf:3    | Identified the +4 trident of Expedience {drain, Fragile Fly
                  | Will++ Stlth+}
 65998 | Elf:3    | Paralysed by an air elemental for 1 turns
 66324 | Elf:3    | Identified the +5 trident "Zonwas" {flame, rF- Str+4}
 66329 | Elf:3    | Reached skill level 20 in Conjurations
 66344 | Elf:3    | Identified the +8 trident "Vutre" {protect, Fragile Str+5}
 66344 | Elf:3    | Identified the ring of Sapluabb {rF- rC+ rN+ Int+6}
 66654 | Elf:3    | Identified the +3 morningstar "Dackucwue" {flame, rElec}
 66809 | Elf:3    | Identified the amulet of Xenuby {Regen+ SInv}
 67112 | Elf:3    | Lost mutation: You are somewhat resistant to further
                  | mutation. [potion of mutation]
 67112 | Elf:3    | Gained mutation: You are covered in fur. (AC +1) [potion of
                  | mutation]
 67112 | Elf:3    | Gained mutation: Your movements are slightly less
                  | encumbered by armour. (ER -2) [potion of mutation]
 67113 | Elf:3    | Lost mutation: Your movements are slightly less encumbered
                  | by armour. (ER -2) [potion of mutation]
 67113 | Elf:3    | Lost mutation: You are covered in fur. (AC +1) [potion of
                  | mutation]
 67113 | Elf:3    | Gained mutation: Your spells are a little easier to cast,
                  | but a little less powerful. [potion of mutation]
 67114 | Elf:3    | Lost mutation: Your spells are a little easier to cast, but
                  | a little less powerful. [potion of mutation]
 67114 | Elf:3    | Gained mutation: You have hidden genetic potential. [potion
                  | of mutation]
 67114 | Elf:3    | Gained mutation: Your movements are slightly less
                  | encumbered by armour. (ER -2) [potion of mutation]
 67114 | Elf:3    | Gained mutation: You are weak. (Str -2) [potion of
                  | mutation]
 67125 | Elf:3    | Learned a level 9 spell: Fire Storm
 67554 | Depths:1 | Found a one-way gate to the infinite horrors of the Abyss.
 67601 | Depths:1 | Noticed Margery
 67604 | Depths:1 | Reached XP level 22. HP: 132/132 MP: 27/42
 67605 | Depths:1 | Killed Margery
 67606 | Depths:1 | Found a gateway to Hell.
 68033 | Elf:1    | You paid a toll of a +5 demon whip to enter a treasure
                  | trove
 68034 | Trove    | Entered a treasure trove
 68043 | Trove    | Identified the ring "Qaussebu" {Ice rElec Str-5 Dex+2}
 68053 | Trove    | Identified the ring of Vuoblysym {*Corrode rPois rC+ Str+2
                  | Stlth+}
 68056 | Trove    | Identified the +2 kite shield of Prudence {rN+}
 68536 | Depths:1 | Reached skill level 18 in Fire Magic
 69345 | Depths:2 | Noticed a caustic shrike
 69354 | Depths:2 | Killed a caustic shrike
 69872 | Depths:2 | Noticed a juggernaut
 69875 | Depths:2 | Killed a juggernaut
 71206 | Depths:2 | Reached skill level 21 in Conjurations
 71403 | Depths:2 | Found a shimmering altar of Xom.
 71654 | Depths:2 | Reached skill level 17 in Spellcasting
 71775 | Depths:2 | Found a one-way gate leading to the halls of Pandemonium.
 71860 | Depths:1 | Found the +7 lajatang of Order {silver, rMut}
 72185 | Depths:3 | Gained mutation: Your spells are a little harder to cast,
                  | but a little more powerful. [hidden potential]
 72270 | Depths:3 | Found Rac Othri's Overcharged Wands.
 72279 | Depths:3 | Bought a wand of digging (15) for 646 gold pieces
 72361 | Depths:3 | Found Elo Gopa's Weapon Emporium.
 72398 | Depths:3 | Found Izxuist's Magic Scroll Shoppe.
 72404 | Depths:3 | Bought a scroll of enchant armour for 112 gold pieces
 72404 | Depths:3 | Bought a scroll of teleportation for 45 gold pieces
 72404 | Depths:3 | Bought a scroll of enchant weapon for 112 gold pieces
 72404 | Depths:3 | Bought a scroll of magic mapping for 52 gold pieces
 72404 | Depths:3 | Bought a scroll of amnesia for 52 gold pieces
 72414 | Depths:3 | Learned a level 8 spell: Lehudib's Crystal Spear
 72512 | Depths:3 | Found Domneips's Antique Armour Boutique.
 72515 | Depths:3 | Bought the -2 hat of the Alchemist {rElec rPois rF+ rC+ rN+
                  | Will+ rMut rCorr} for 2029 gold pieces
 72515 | Depths:3 | Found the -2 hat of the Alchemist {rElec rPois rF+ rC+ rN+
                  | Will+ rMut rCorr}
 72515 | Depths:3 | Bought a pair of runed gloves for 322 gold pieces
 72643 | Depths:3 | Found a shimmering blue altar of Sif Muna.
 72682 | Depths:3 | Found Qyrite's Armour Shop.
 72715 | Depths:3 | Reached skill level 18 in Spellcasting
 72806 | Depths:3 | Found Teadyof's Antique Armour Shoppe.
 73001 | Depths:3 | Reached XP level 23. HP: 121/136 MP: 34/45
 73038 | Depths:3 | Noticed a dread lich
 73042 | Depths:3 | Killed a dread lich
 73209 | Depths:3 | Found an ancient bone altar of Kikubaaqudgha.
 73329 | Depths:3 | Found a hazy altar of Hepliaklqana.
 73430 | Depths:3 | Found Keuzius's Miraculous Elixirs.
 73618 | Depths:3 | Found The Legendary Osougy's Legendary Smithy.
 73635 | Depths:3 | Found Lotalael's General Store.
 73642 | Depths:3 | Bought a potion of heal wounds for 60 gold pieces
 73642 | Depths:3 | Bought a potion of magic for 96 gold pieces
 73642 | Depths:3 | Bought a scroll of amnesia for 42 gold pieces
 73642 | Depths:3 | Bought a wand of digging (5) for 216 gold pieces
 73936 | Depths:3 | Found a bloodstained altar of Trog.
 73939 | Depths:3 | Reached skill level 19 in Spellcasting
 73949 | Depths:3 | Found an ancient bone altar of Kikubaaqudgha.
 74256 | Depths:4 | Entered Level 4 of the Depths
 74400 | Depths:4 | Found a gate to the Realm of Zot.
 74400 | Depths:4 | Noticed a golden dragon
 74400 | Depths:4 | Noticed a golden dragon
 74402 | Depths:4 | Killed a golden dragon
 74402 | Depths:4 | Killed a golden dragon
 74902 | Depths:4 | Reached skill level 19 in Fire Magic
 76708 | Crypt:2  | Killed a dread lich
 76709 | Crypt:2  | Killed an ancient lich
 76710 | Crypt:2  | Reached skill level 22 in Conjurations
 76714 | Crypt:2  | Killed Woadakig's ghost
 76724 | Crypt:2  | Killed Rackeilou's ghost
 76730 | Crypt:2  | Gained mutation: You have a somewhat thin skeletal
                  | structure. (Dex +2, Stealth+) [hidden potential]
 76730 | Crypt:2  | Lost mutation: You have hidden genetic potential. [hidden
                  | potential expressed]
 76958 | Crypt:2  | Identified the ring "Agoikh" {Ice rN+ Int+7}
 76964 | Crypt:2  | Identified the +0 pair of gloves "Ciloi" {Int+6}
 77174 | Vaults:5 | Entered Level 5 of the Vaults
 77177 | Vaults:5 | Reached skill level 6 in Shields
 77178 | Vaults:5 | Reached skill level 7 in Shields
 77178 | Vaults:5 | Reached XP level 24. HP: 142/142 MP: 46/46
 77290 | Vaults:5 | Reached skill level 8 in Shields
 77398 | Vaults:5 | Noticed a dread lich
 77672 | Vaults:5 | Reached skill level 9 in Shields
 77875 | Vaults:5 | Reached skill level 3 in Stealth
 77969 | Vaults:5 | Got a silver rune of Zot
 78048 | Vaults:5 | Reached skill level 4 in Stealth
 78141 | Vaults:5 | Reached skill level 5 in Stealth
 78156 | Vaults:5 | Reached skill level 6 in Stealth
 78267 | Vaults:5 | Noticed Mennas
 78270 | Vaults:5 | Killed Mennas
 78271 | Vaults:5 | Reached skill level 7 in Stealth
 78670 | Vaults:5 | Reached skill level 1 in Necromancy
 78709 | Vaults:5 | Identified the +0 dagger of Deloah {flame, rPois Int+2}
 78745 | Vaults:5 | Reached skill level 2 in Necromancy
 78754 | Vaults:5 | Reached skill level 3 in Necromancy
 78756 | Vaults:5 | Killed a dread lich
 78757 | Vaults:5 | Reached skill level 4 in Necromancy
 78864 | Vaults:5 | Reached skill level 5 in Necromancy
 78871 | Vaults:5 | Found Muygug's Weapon Boutique.
 78877 | Vaults:5 | Reached skill level 6 in Necromancy
 79309 | Vaults:5 | Reached skill level 7 in Necromancy
 79671 | Vaults:5 | Reached skill level 8 in Necromancy
 79757 | Vaults:5 | Learned a level 6 spell: Death Channel
 80100 | Slime:1  | Entered Level 1 of the Pits of Slime
 80200 | Slime:1  | Reached skill level 9 in Necromancy
 80298 | Slime:2  | Reached skill level 10 in Necromancy
 80684 | Slime:5  | Entered Level 5 of the Pits of Slime
 80777 | Slime:5  | Reached skill level 20 in Fire Magic
 80868 | Slime:5  | Reached XP level 25. HP: 116/147 MP: 41/46
 81067 | Slime:5  | Noticed the Royal Jelly
 81070 | Slime:5  | Killed the Royal Jelly
 81305 | Slime:5  | Found the +8 lance "Wyrmbane" {slay drac, rPois rF+ rC+
                  | AC+3}
 81314 | Slime:5  | Found the ring of the Tortoise {AC+8}
 81331 | Slime:5  | Got a slimy rune of Zot
 81368 | Slime:5  | Identified the +0 plate armour "Xulof" {*Corrode Dex+5}
 81424 | Slime:5  | Identified the +10 great sword "Killer Bee's Regret"
                  | {flame, Int+3 Dex+2}
 81787 | Spider:4 | Entered Level 4 of the Spider Nest
 81792 | Spider:4 | Reached skill level 20 in Spellcasting
 81795 | Spider:4 | Noticed Mlioglotl
 81799 | Spider:4 | Killed Mlioglotl
 81800 | Spider:4 | Reached skill level 10 in Shields
 81945 | Spider:4 | Noticed Arachne
 82066 | Spider:4 | Killed Arachne
 82067 | Spider:4 | Reached skill level 11 in Shields
 82688 | Spider:4 | Reached skill level 12 in Shields
 83149 | Spider:4 | Got a gossamer rune of Zot
 83704 | Zot:1    | Entered Level 1 of the Realm of Zot
 83738 | Depths:4 | Learned a level 4 spell: Dispel Undead
 83744 | Depths:4 | Learned a level 5 spell: Summon Forest
 83916 | Zot:1    | Reached skill level 13 in Shields
 84335 | Zot:2    | Reached skill level 14 in Shields
 84868 | Zot:3    | Reached skill level 15 in Shields
 85059 | Zot:3    | Reached skill level 13 in Fighting
 85063 | Zot:3    | Reached XP level 26. HP: 99/156 MP: 29/47
 85543 | Zot:3    | Learned a level 5 spell: Borgnjor's Vile Clutch
 85591 | Zot:4    | Reached skill level 14 in Fighting
 85877 | Zot:5    | Entered Level 5 of the Realm of Zot
 86175 | Zot:5    | Reached skill level 15 in Fighting
 86296 | Zot:5    | Noticed a dread lich
 86299 | Zot:5    | Killed a dread lich
 86365 | Zot:5    | Noticed a Killer Klown
 86370 | Zot:5    | Killed a Killer Klown
 86402 | Zot:5    | Noticed an ancient lich
 86406 | Zot:5    | Killed an ancient lich
 86418 | Zot:5    | Noticed a Killer Klown
 86421 | Zot:5    | Killed a Killer Klown
 86541 | Zot:5    | Noticed an orb of fire
 86548 | Zot:5    | Killed an orb of fire
 86552 | Zot:5    | Noticed a Killer Klown
 86726 | Zot:5    | Killed a Killer Klown
 86788 | Zot:5    | Reached skill level 23 in Conjurations
 86814 | Zot:5    | Noticed an orb of fire
 86821 | Zot:5    | Killed an orb of fire
 87012 | Zot:5    | Noticed an ancient lich
 87017 | Zot:5    | Killed an ancient lich
 87109 | Zot:5    | Noticed a dread lich
 87110 | Zot:5    | Noticed a Killer Klown
 87111 | Zot:5    | Killed a dread lich
 87112 | Zot:5    | Noticed an orb of fire
 87119 | Zot:5    | Killed a Killer Klown
 87123 | Zot:5    | Noticed an orb of fire
 87125 | Zot:5    | Killed an orb of fire
 87128 | Zot:5    | Killed an orb of fire
 87148 | Zot:5    | Reached skill level 24 in Conjurations
 87463 | Zot:5    | Noticed a Killer Klown
 87465 | Zot:5    | Killed a Killer Klown
 87476 | Zot:5    | Noticed a Killer Klown
 87495 | Zot:5    | Noticed a Killer Klown
 87499 | Zot:5    | Killed a Killer Klown
 87500 | Zot:5    | Reached skill level 21 in Fire Magic
 87502 | Zot:5    | Killed a Killer Klown
 87507 | Zot:5    | Noticed a dread lich
 87510 | Zot:5    | Reached XP level 27. HP: 165/165 MP: 18/47
 87513 | Zot:5    | Paralysed by a dread lich for 5 turns
 87514 | Zot:5    | Killed a dread lich
 87678 | Zot:5    | Got the Orb of Zot
 88226 | D:$      | Escaped with the Orb!

Vanquished Creatures
  the Royal Jelly (Slime:5)
  5 dread liches
  An ancient lich (Zot:5)
  3 orbs of fire (Zot:5)
  Mennas (Vaults:5)
  Margery (Depths:1)
  the Lernaean hydra (Swamp:4)
  Frederick (Vaults:1)
  6 Killer Klowns (Zot:5)
  A curse toe (Zot:2)
  The ghost of Rackeilou the Executioner, a veteran FoFi of Dithmenos (Crypt:2)
  The ghost of Woadakig the Executioner, a veteran FoFi of Dithmenos (Crypt:2)
  A caustic shrike (Depths:2)
  7 golden dragons
  Arachne (Spider:4)
  A bone dragon (Depths:4)
  An electric golem (Zot:5)
  Jorgrun (D:12)
  26 Orb Guardians
  7 tentacled monstrosities
  Asterion (Vaults:1)
  Mlioglotl (Spider:4)
  7 titans
  A deep elf master archer (Elf:3)
  3 quicksilver dragons
  2 liches
  A walking divine tome (Depths:2)
  A deep elf blademaster (Elf:3)
  An Executioner (D:13)
  15 acid blobs
  A sphinx (shapeshifter) (Vaults:5)
  2 sphinxes
  Agnes (D:14)
  4 death cobs
  2 ancient champions
  A revenant (Crypt:1)
  7 shadow dragons
  4 tengu reavers
  5 storm dragons
  A thorn hunter (Swamp:3)
  8 rockslimes
  7 azure jellies
  A demonspawn warmonger (Zot:5)
  2 draconian monks (Zot:1)
  A fenstrider witch (Swamp:2)
  5 draconian scorchers
  6 fire giants
  7 emperor scorpions (Spider:4)
  2 deep elf sorcerers (Elf:3)
  6 draconian knights
  5 frost giants
  11 vault wardens
  2 iron dragons (Vaults:5)
  3 orc warlords
  4 draconian stormcallers
  A draconian annihilator (Zot:4)
  4 ghost moths
  2 ghouls
  3 draconian shifters
  5 deep elf elementalists
  A reaper (Zot:5)
  A broodmother (Spider:2)
  5 ironbound preservers
  15 stone giants
  An angel (D:13)
  7 quicksilver oozes
  14 very ugly things
  A war gargoyle (Vaults:5)
  A demonspawn black sun (Zot:5)
  7 ironbound thunderhulks
  3 vampire knights
  6 green draconians
  5 yellow draconians
  Nessos (Orc:2)
  7 deep elf demonologists
  2 entropy weavers (Vaults:4)
  7 dire elephants
  2 red draconians
  5 bunyips
  4 white draconians
  6 black draconians
  4 deep elf annihilators
  3 purple draconians
  3 eleionomae
  3 spark wasps
  5 deep elf death magi
  A crystal guardian (Vaults:4)
  9 ettins
  An eidolon (Crypt:2)
  5 fire dragons
  Josephine (D:11)
  6 jiangshi
  2 deep elf high priests
  2 great orbs of eyes
  9 yaktaur captains
  A rakshasa (Depths:1)
  A shambling mangrove (Swamp:2)
  29 vault guards
  A great orb of eyes (shapeshifter) (D:15)
  Erica (D:10)
  A peacekeeper (Vaults:4)
  A ghost crab (Swamp:1)
  3 spriggan air magi
  5 ice dragons
  3 ironbound frosthearts
  9 boulder beetles
  17 centaur warriors
  26 hydras
  A death knight (D:11)
  3 ogre magi
  A radroach (Spider:1)
  4 deep troll shamans
  A catoblepas (shapeshifter) (Depths:2)
  4 alligators
  17 dancing weapons
  5 tengu warriors
  6 death yaks
  6 vampire magi
  5 two-headed ogres
  5 deep troll earth magi
  2 spriggan berserkers
  An orc high priest (Depths:3)
  Nergalle (Orc:2)
  17 deep elf knights
  3 iron trolls
  A sun moth (Spider:3)
  15 hell knights
  5 pharaoh ants
  7 goliath frogs
  A sixfirhy (Zot:4)
  A glowing orange brain (Vaults:3)
  9 skeletal warriors
  3 spriggan druids
  A death drake (Swamp:1)
  3 steelbarb worms
  A shadow demon (D:14)
  A sea snake (shapeshifter) (Vaults:3)
  18 orb spiders
  16 ironbound convokers
  14 bog bodies
  32 deep trolls
  9 swamp dragons
  15 wizards
  15 deep elf archers
  6 necromancers
  A bunyip skeleton (Crypt:1)
  10 lindwurms
  5 phantasmal warriors
  20 deep elf zephyrmancers
  7 orc sorcerers (Orc:2)
  27 deep elf pyromancers
  4 harpies (Vaults:1)
  23 wolf spiders
  3 manticores
  3 orc knights
  4 cyclopes
  6 will-o-the-wisps
  43 ugly things
  6 shining eyes
  12 elephants
  16 moths of wrath
  5 black mambas
  A naga mage (Vaults:2)
  An ice statue (IceCv)
  7 torpor snails
  8 vault sentinels
  An elephant (shapeshifter) (Depths:2)
  A guardian serpent (D:11)
  9 cane toads
  An eye of devastation (Slime:4)
  A molten gargoyle (D:14)
  3 gargoyles
  8 rime drakes
  A demonic crawler (Spider:4)
  16 komodo dragons
  23 yaktaurs
  3 anaconda simulacra (IceCv)
  9 freezing wraiths
  2 elves (Depths:3)
  4 tengu conjurers
  15 ice devils
  A tormentor (D:14)
  3 trolls
  A green draconian skeleton (Crypt:2)
  A guardian mummy (Elf:1)
  An entropy weaver simulacrum (IceCv)
  2 polar bears (shapeshifter) (D:13)
  21 meliai
  2 polar bears (Lair:5)
  10 tyrant leeches
  A bloated husk (Swamp:2)
  A queen bee (D:12)
  15 hornets
  96 slime creatures
  17 tarantellas
  3 tengu simulacra
  A jumping spider zombie (Crypt:2)
  2 dream sheep (Lair:6)
  15 blink frogs
  16 jumping spiders
  A jumping spider (shapeshifter) (Vaults:5)
  9 culicivoras
  A culicivora (shapeshifter) (D:14)
  5 water elementals
  An air elemental (Elf:2)
  10 wraiths
  11 spriggans
  4 shadows
  3 dire elephant simulacra (IceCv)
  5 basilisks
  5 wyverns
  3 fire elementals
  3 golden eyes (Slime:5)
  65 yaks
  A human (Depths:3)
  A steam dragon (D:8)
  3 death yak simulacra (IceCv)
  41 redbacks
  15 vampire mosquitoes
  A chaos spawn (D:15)
  2 wargs
  An acid dragon (D:9)
  20 swamp worms
  11 water moccasins
  A floating eye (Slime:4)
  A black bear (Lair:3)
  A meliai simulacrum (D:14)
  Duvessa (D:4)
  2 sky beasts
  7 ogres
  11 swamp drakes
  25 orc warriors
  An ice beast (D:6)
  8 necrophages
  20 boggarts
  13 centaurs
  33 wolves
  3 phantoms
  An octopode zombie (Crypt:2)
  2 earth elementals
  A human skeleton (Vaults:4)
  16 bullfrogs
  3 gnoll sergeants
  2 spectral wargs (Depths:3)
  6 cane toad simulacra (IceCv)
  5 scorpions
  A warg zombie (Crypt:2)
  Dowan (D:4)
  A raiju zombie (Crypt:1)
  3 elephant simulacra (IceCv)
  2 troll zombies (D:10)
  28 killer bees
  3 wights (D:10)
  3 electric eels
  3 howler monkeys
  2 bullfrog zombies
  4 crimson imps (Depths:2)
  4 centaur zombies
  Crazy Yiuf (D:7)
  A human simulacrum (Vaults:1)
  17 orc priests
  A human zombie (D:5)
  A bullfrog skeleton (D:6)
  10 jellies
  29 orc wizards
  4 iguanas
  6 polar bear simulacra (IceCv)
  2 scorpion zombies (D:5)
  3 troll simulacra (IceCv)
  3 killer bee zombies
  2 wolf simulacra (IceCv)
  4 ogre zombies (D:10)
  A centaur simulacrum (D:10)
  A hound zombie (D:5)
  A hound skeleton (D:4)
  11 mummies
  20 gnolls
  A howler monkey skeleton (D:5)
  8 adders
  A swamp drake skeleton (Crypt:1)
  A shadow imp (D:8)
  A white imp (D:8)
  4 ufetubi
  An adder zombie (D:5)
  2 worms
  3 dart slugs
  77 orcs
  11 ball pythons
  5 bats
  7 endoplasms
  7 giant cockroaches
  11 goblins
  8 hobgoblins
  7 quokkas
  2 frilled lizards
  A gnoll zombie (Ossuary)
  A goblin zombie (D:10)
  2 hobgoblin zombies (Ossuary)
  17 kobolds
  2 kobold zombies (Ossuary)
  3 orc skeletons (D:10)
  18 orc zombies
  9 rats
  A river rat skeleton (Crypt:1)
  A bush (Lair:4)
  36 fire vortices
2046 creatures vanquished.

Vanquished Creatures (collateral kills)
  An orb of fire (Zot:5)
  2 ancient liches
  A dread lich (Zot:5)
  A juggernaut (Depths:2)
  Sojobo (Vaults:1)
  A Killer Klown (Zot:5)
  A curse toe (Zot:4)
  A golden dragon (Zot:5)
  An electric golem (Zot:5)
  An Orb Guardian (Zot:5)
  3 tentacled monstrosities
  A walking crystal tome (Depths:2)
  A lich (Crypt:2)
  A deep elf blademaster (Elf:3)
  A deep elf master archer (Elf:3)
  An acid blob (Slime:5)
  A sphinx (Vaults:2)
  A tengu reaver (Vaults:5)
  8 shadow dragons
  A death cob (Zot:2)
  A storm dragon (Vaults:5)
  An azure jelly (Slime:2)
  Roxanne (Spider:1)
  2 deep elf sorcerers (Elf:3)
  A demonspawn warmonger (D:13)
  2 frost giants
  A draconian knight (Depths:4)
  A rockslime (Slime:5)
  2 fire giants
  4 vault wardens (Vaults:1)
  A deep elf elementalist (Elf:3)
  5 ironbound preservers
  8 ghouls
  A draconian annihilator (Zot:4)
  A spriggan defender (Depths:2)
  A war gargoyle (Vaults:3)
  4 very ugly things
  A green draconian (Depths:4)
  A reaper (Zot:5)
  A stone giant (Vaults:5)
  A red draconian (Zot:5)
  A purple draconian (Zot:4)
  4 spark wasps
  A dire elephant (Vaults:4)
  A deep elf annihilator (Vaults:5)
  2 crystal guardians
  2 deep elf death magi
  4 ettins
  A deep elf high priest (Elf:3)
  2 jiangshi (Crypt:2)
  A jorogumo (Spider:2)
  5 great orbs of eyes
  2 peacekeepers
  3 vault guards
  A rakshasa (Depths:2)
  An ogre mage (Vaults:5)
  A death knight (Crypt:1)
  2 ironbound frosthearts
  A deep troll earth mage (Depths:2)
  A deep troll shaman (Depths:3)
  A spriggan berserker (Depths:2)
  15 dancing weapons
  2 hell knights
  4 deep elf knights (Elf:2)
  5 skeletal warriors
  3 iron trolls
  7 deep trolls
  An orb spider (Spider:1)
  2 bog bodies
  A flayed ghost (Crypt:1)
  A necromancer (Depths:2)
  5 phantasmal warriors
  4 ironbound convokers
  An orc knight (Vaults:3)
  3 deep elf pyromancers
  An ugly thing (Vaults:4)
  5 deep elf zephyrmancers (Elf:2)
  A sphinx skeleton (Crypt:2)
  3 wolf spiders
  A moth of wrath (Zot:5)
  An eye of devastation (Slime:5)
  9 vault sentinels
  A naga mage (Vaults:2)
  3 demonic crawlers
  A yaktaur (Vaults:5)
  A grey draconian zombie (Crypt:2)
  A freezing wraith (Vaults:5)
  A hellwing (Zot:5)
  2 yaktaur skeletons (Vaults:1)
  A hornet (Vaults:5)
  5 tarantellas
  11 slime creatures
  A tarantella zombie (Crypt:1)
  A fire dragon zombie (Crypt:2)
  3 air elementals (Elf:3)
  2 culicivoras (Spider:2)
  2 jumping spiders
  2 water elementals
  A human (Depths:3)
  2 wraiths
  9 redbacks
  A warg (Depths:3)
  A merfolk skeleton (Crypt:2)
  2 wolves (Depths:3)
  2 necrophages (Crypt:2)
  A hog zombie (Crypt:1)
  A dream sheep skeleton (Crypt:2)
  A centaur (Depths:3)
  2 human zombies (Vaults:4)
  An earth elemental (Elf:3)
  A salamander zombie (Crypt:1)
  2 jellies (Slime:2)
  2 orcs (Depths:3)
250 creatures vanquished.

Vanquished Creatures (others)
  An ogre mage (Vaults:5)
  A deep elf knight (Elf:2)
  A deep elf archer (Elf:3)
  A tarantella (Spider:2)
  146 fire vortices
  6 foxfires
  43 fulminant prisms
  78 fungi
  111 plants
388 creatures vanquished.

Grand Total: 2684 creatures vanquished
